 Dungeon Crawl Stone Soup version 0.20.1-1-g8b1a95d (webtiles) character file.

67 Knicklaso the Insei (level 3, -4/28 HPs)
             Began as a Draconian Transmuter on July 17, 2017.
             Was an Initiate of Ashenzari.
             Slain by a gnoll
             ... wielding a +0 halberd
              (14 damage)
             ... on level 2 of the Dungeon.
             The game lasted 00:06:23 (1593 turns).

Knicklaso the Insei (Draconian Transmuter)          Turns: 1593, Time: 00:06:24

Health: -4/28      AC:  2    Str: 16 (17) XL:     3   Next: 98%
Magic:  1/6        EV: 19    Int: 10 (13) God:    Ashenzari [......]
Gold:   44         SH:  0    Dex: 16 (17) Spells: 2/6 levels left

rFire    . . .     SeeInvis .     - Unarmed
rCold    . . .     Gourm    .   (shield currently unavailable)
rNeg     . . .     Faith    .   (armour unavailable)
rPois    x         Spirit   .   (helmet currently unavailable)
rElec    .         Reflect  .   (cloak currently unavailable)
rCorr    .         Harm     .   (gloves currently unavailable)
MR       .....                  (boots currently unavailable)
Stlth    +.........             (no amulet)
Regen    0.1/turn               (no ring)
MPRegen  0.1/turn               (no ring)

@: mighty, spider-form (expiring)
A: unfitting armour, AC +5
a: End Transformation, Curse Item, Renounce Religion


You were on level 2 of the Dungeon.
You worshipped Ashenzari.
Ashenzari was noncommittal.
You were not hungry.
You were a venomous arachnid creature.
You visited 1 branch of the dungeon, and saw 2 of its levels.

You collected 44 gold pieces.

Inventory:

Missiles
 a - 12 arrows
 g - 8 tomahawks (quivered)
Scrolls
 d - 2 scrolls of teleportation {unknown}
 e - 2 scrolls of remove curse
 f - a scroll of immolation {unknown}
Books
 b - a book of Changes

   Spells                             Type                      Level
   a - Beastly Appendage              Transmutation                1
   b - Sticks to Snakes               Transmutation                2
   c - Spider Form                    Transmutation/Poison         3
   d - Ice Form                       Ice/Transmutation            4
   e - Blade Hands                    Transmutation                5
Comestibles
 c - 2 bread rations
 h - 5 chunks of flesh
 i - a royal jelly


   Skills:
 - Level 1.1 Fighting
 - Level 1.7 Dodging
 - Level 4.3 Unarmed Combat
 - Level 2.0 Spellcasting
 + Level 3.0 Transmutations


You had 2 spell levels left.
You knew the following spells:

 Your Spells              Type           Power        Failure   Level  Hunger
a - Beastly Appendage     Tmut           #.....       22%         1    ##.....
b - Spider Form           Tmut/Pois      #.........   67%         3    ####...


Dungeon Overview and Level Annotations

Branches:
Dungeon (2/15)

Altars:
Ashenzari
Gozag
Vehumet


Innate Abilities, Weirdness & Mutations

((Your plain brown scales are hard. (AC +5)))
You cannot fit into any form of body armour.
((You are cold-blooded and may be slowed by cold attacks.))


Message History

Casting: Beastly Appendage
Confirm with . or Enter, or press ? or * to list all spells.
Your talons disappear.
You turn into a venomous arachnid creature.
The ooze jiggles.
The ooze completely misses you. The gnoll completely misses you. x2
You hit the ooze.
The ooze is poisoned.
The ooze is severely wounded.
The ooze barely misses you. The gnoll misses you.
You maul the gnoll!!
You kill the gnoll!
Your transformation is almost over.
The ooze closely misses you. The gnoll barely misses you.
You closely miss the kobold. The ooze misses you.
You bite the kobold!
You kill the kobold!
Your Transmutations skill increases to level 3!
The gnoll hits you from afar with a halberd!
Ouch! That really hurt!
You die...

#.#.# #.÷#.#
...#.#.<#.#
........#.#
..##.##.#.####
####....#.....###
................#
.##.............##
#.###..........# #
#.._..8s._.#
##....)J.).# # #
##....g..## #.#.
#..(....#
#...#####.#(..###
..............#
........)†#####
..........#
.........##


You could see a gnoll and an ooze.

Vanquished Creatures
  3 gnolls (D:2)
  2 dart slugs (D:1)
  A leopard gecko (D:2)
  5 goblins (D:1)
  A hobgoblin (D:1)
  8 jackals
  4 kobolds
  2 bats (D:1)
  6 frilled lizards
32 creatures vanquished.

Notes
Turn   | Place    | Note
-------+----------+-------------------------------------------
     0 | D:1      | Knicklaso the Draconian Transmuter began the quest for the Orb.
     0 | D:1      | Reached XP level 1. HP: 16/16 MP: 3/3
   399 | D:1      | Reached XP level 2. HP: 2/23 MP: 5/5
  1382 | D:1      | Reached skill level 4 in Unarmed Combat
  1463 | D:1      | Found a radiant altar of Vehumet.
  1472 | D:2      | Found an opulent altar of Gozag.
  1478 | D:1      | Reached XP level 3. HP: 23/28 MP: 4/6
  1516 | D:2      | Found a shattered altar of Ashenzari.
  1549 | D:2      | Became a worshipper of Ashenzari the Shackled
  1554 | D:2      | Learned a level 3 spell: Spider Form
  1582 | D:2      | HP: 1/28 [gnoll/halberd (15)]
  1593 | D:2      | Slain by a gnoll

Skill      XL: |  1  2  3 |
---------------+----------+-----
Unarmed Combat | 4 |  4.3
Transmutations | 3 |  3.0
Fighting       | |  1.1
Dodging        | |  1.7
Spellcasting   | |  2.0

Action                   || total
-------------------------++-------
Melee: Spear             ||    21
       Unarmed           ||    91
       Tailslap          ||     6
       Headbutt          ||     4
       Punch             ||     1
       Kick              ||     4
Throw: Tomahawk          ||     9
 Cast: Beastly Appendage ||    15
       Spider Form       ||     2
  Use: Potion            ||     3
  Eat: Chunk             ||     3
Armor: Skin              ||    29
Dodge: Dodged            ||    93
